 Dungeon Crawl Stone Soup version 0.30-a0-578-gdee14c521f (webtiles) character file.

Game seed: 9288888493115722490

144625 Shayle the Fighter (level 17, 0/111 HPs)
             Began as a Tengu Reaver on Dec 31, 2022.
             Was the Champion of Kikubaaqudgha.
             Killed from afar by a merfolk aquamancer (22 damage)
             ... with a torrent of water
             ... on level 4 of the Shoals.
             The game lasted 02:54:27 (40216 turns).

Shayle the Fighter (Tengu Reaver)                  Turns: 40216, Time: 02:54:28

Health: 0/111      AC: 16    Str: 13    XL:     17   Next: 40%
Magic:  4/41       EV: 18    Int: 35    God:    Kikubaaqudgha [******]
Gold:   3068       SH: 21    Dex: 13    Spells: 8/36 levels left

rFire   + . .      SeeInvis .    G - +7 trident (venom)
rCold   + . .      Faith    .    Q - +5 kite shield of Naowos {rF+ Int+8 Stlth+}
rNeg    . . .      Spirit   .    d - +3 leather armour {rC+}
rPois   +          Reflect  +    D - +2 hat
rElec   +          Harm     .    j - +2 cloak
rCorr   .          Rampage  .    f - +2 pair of gloves
Will    +....                    (boots unavailable)
Stlth   ++                       k - amulet of reflection
HPRegen 0.38/turn                B - ring of Cangytwa {rElec rPois MP+9}
MPRegen 0.27/turn                z - +6 ring of intelligence

@: about to teleport, animating dead, flying quickly and evasively, quick
A: beak, talons 3, nimble flight
a: Renounce Religion, Unearth Wretches, Torment


You were on level 4 of the Shoals.
You worshipped Kikubaaqudgha.
Kikubaaqudgha was exalted by your worship.
You visited 5 branches of the dungeon, and saw 27 of its levels.
You also visited: Sewer, Ice Cave and Volcano.

You collected 3680 gold pieces.
You spent 612 gold pieces at shops.

Inventory:

Hand Weapons
 m - the +5 trident of the World {venom, rF- Str+2 Int+2}
   (You took it off a gnoll on level 6 of the Dungeon)

   It poisons the flesh of those it strikes.
   Str:       It affects your strength (+2).
   Int:       It affects your intelligence (+2).
   rF:        It makes you vulnerable to fire.
 G - a +7 trident of venom (weapon)
 R - a +7 morningstar of freezing
 U - the +4 short sword "Impslayer" {venom, rC- rN+++ rCorr SInv}
   (You found it on level 4 of the Lair of Beasts)

   It poisons the flesh of those it strikes.
   rC:        It makes you vulnerable to cold.
   rN:        It renders you almost immune to negative energy.
   SInv:      It lets you see invisible.
   rCorr:     It protects you from acid and corrosion.
Missiles
 p - a curare-tipped dart (quivered)
 E - 5 silver boomerangs
 Y - 2 throwing nets
Armour
 d - a +3 leather armour of cold resistance (worn)
 f - a +2 pair of gloves (worn)
 j - a +2 cloak (worn)
 D - a +2 hat (worn)
 H - a +3 leather armour of fire resistance
 Q - the +5 kite shield of Naowos (worn) {rF+ Int+8 Stlth+}
   (You found it in an ice cave)

   Int:       It affects your intelligence (+8).
   rF:        It protects you from fire.
   Stlth:     It makes you more stealthy.
Jewellery
 h - the ring "Yschuc" {rN+ SInv Stlth+}
   (You found it on level 2 of the Shoals)

   [ring of positive energy]

   rN:        It protects you from negative energy.
   SInv:      It lets you see invisible.
   Stlth:     It makes you more stealthy.
 k - an amulet of reflection (around neck)
 o - a ring of protection from fire
 x - a ring of resist corrosion
 z - a +6 ring of intelligence (right hand)
 B - the ring of Cangytwa (left hand) {rElec rPois MP+9}
   (You acquired it on level 1 of the Shoals)

   [ring of magical power]

   rElec:     It insulates you from electricity.
   rPois:     It protects you from poison.
   MP:        It affects your magic capacity (+9).
Wands
 q - a wand of mindburst (8)
 F - a wand of flame (1)
 I - a wand of digging (6)
 O - a wand of paralysis (19)
 P - a wand of iceblast (11)
 S - a wand of light (12)
Scrolls
 l - 3 scrolls of vulnerability
 n - 3 scrolls of silence
 r - 5 scrolls of poison
 u - a scroll of enchant armour
 y - a scroll of butterflies {unknown}
 C - 2 scrolls of fog
 J - 4 scrolls of identify
 M - 5 scrolls of teleportation
 Z - a scroll of immolation
Potions
 a - 2 potions of lignification
 b - 4 potions of invisibility
 c - a potion of magic
 e - a potion of ambrosia
 g - 3 potions of brilliance
 i - 7 potions of mutation
 s - 5 potions of attraction
 t - 6 potions of cancellation
 v - a potion of haste
 N - 2 potions of might
 T - a potion of berserk rage
 V - 2 potions of curing
 W - a potion of heal wounds


   Skills:
 + Level 14.3 Fighting
 - Level 3.2 Short Blades
 - Level 8.8 Armour
 - Level 11.0 Dodging
 - Level 10.0 Shields
 - Level 10.4 Spellcasting
 - Level 11.3 Conjurations
 * Level 5.1 Hexes
 - Level 12.0 Necromancy
 * Level 5.2 Ice Magic
 - Level 9.8 Earth Magic


You had 8 spell levels left.
You knew the following spells:

 Your Spells              Type           Power      Damage    Failure   Level
a - Kiss of Death         Conj/Necr      100%       2d13      1%          1
b - Vampiric Draining     Necr           80%        2d11      1%          3
c - Animate Dead          Necr           80%        N/A       1%          4
d - Borgnjor's Vile Clut  Necr/Erth      38%        N/A       1%          5
e - Death Channel         Necr           40%        N/A       7%          6
f - Anguish               Hex/Necr       34%        N/A       1%          4
g - Freezing Cloud        Conj/Ice/Air   27%        6-21      19%         5

Your spell library contained the following spells:

 Spells                   Type           Power      Damage    Failure   Level
 Necrotise                Necr           100%       1d9       1%          1
 Slow                     Hex            100%       N/A       1%          1
 Momentum Strike          Conj/Tloc      100%       3d10      1%          2
 Dazzling Flash           Conj/Hex       100%       N/A       1%          3
 Hailstorm                Conj/Ice       66%        3d14      1%          3
 Dispel Undead            Necr           80%        3d26      1%          4
 Agony                    Necr           80%        N/A       1%          5
 Iskenderun's Battlesphe  Conj           78%        2d13      1%          5
 Confusing Touch          Hex            53%        N/A       2%          3
 Frozen Ramparts          Ice            100%       1d16      2%          3
 Leda's Liquefaction      Hex/Erth       31%        N/A       3%          4
 Apportation              Tloc           36%        N/A       6%          1
 Summon Small Mammal      Summ           72%        N/A       6%          1
 Iskenderun's Mystic Bla  Conj/Tloc      55%        2d12      6%          4
 Portal Projectile        Hex/Tloc       72%        N/A       7%          3
 Cause Fear               Hex            26%        N/A       8%          4
 Animate Armour           Summ/Erth      100%       N/A       9%          4
 Fireball                 Conj/Fire      27%        3d12      17%         5
 Call Canine Familiar     Summ           18%        N/A       19%         3
 Ice Form                 Ice/Tmut       36%        N/A       22%         4
 Summon Ice Beast         Ice/Summ       36%        N/A       22%         4
 Simulacrum               Ice/Necr       34%        N/A       28%         6
 Orb of Destruction       Conj           39%        9d11      45%         7
 Silence                  Hex/Air        18%        N/A       52%         5
 Passage of Golubria      Tloc           18%        N/A       54%         4
 Conjure Ball Lightning   Conj/Air       27%        3x3d9     67%         6
 Starburst                Conj/Fire      27%        6d9       67%         6
 Alistair's Intoxication  Tmut/Pois      12%        N/A       87%         5
 Summon Forest            Summ/Tloc      9%         N/A       87%         5
 Borgnjor's Revivificati  Necr           40%        N/A       96%         8
 Infestation              Necr           40%        N/A       96%         8
 Haunt                    Necr/Summ      28%        N/A       99%         7
 Lehudib's Crystal Spear  Conj/Erth      37%        10d9      99%         8
 Eringya's Noxious Bog    Tmut/Pois      9%         N/A       100%        6
 Dragon Form              Tmut           9%         N/A       100%        7
 Summon Hydra             Summ           9%         N/A       100%        7
 Necromutation            Tmut/Necr      28%        N/A       100%        8
 Death's Door             Necr           40%        N/A       100%        9
 Dragon's Call            Summ           9%         N/A       100%        9
 Polar Vortex             Ice            26%        N/A       100%        9


Dungeon Overview and Level Annotations

Branches:
Dungeon (15/15)            Temple (1/1) D:6            Lair (5/5) D:9
 Shoals (4/4) Lair:3       Spider (0/4) Lair:2        Slime (0/5) Lair:4
    Orc (2/2) D:9             Elf (0/3) Orc:2        Vaults (0/5) D:13
  Sewer (visited)           IceCv (visited)         Volcano (visited)
 Depths: D:15

Altars:
Ashenzari
Cheibriados
Dithmenos
Elyvilon
Fedhas
Gozag
Hepliaklqana
Kikubaaqudgha
Makhleb
Nemelex Xobeh
Okawaru
Qazlal
Ru
Sif Muna
Trog
Uskayaw
Vehumet
Wu Jian
Xom
Yredelemnul
Zin
The Shining One

Shops:
Orc:2 *((=   Shoals:1 :   Shoals:2 =

Portals:
Bazaar: D:11

Annotations:
Lair:2 1 runed translucent door, Newt's ghost, journeyman DsGl
Lair:5 2 transporters, indyram44's ghost, journeyman GrEE


Innate Abilities, Weirdness & Mutations

You have a beak for a mouth.
You have claws for feet.
Your magical nature lets you fly swiftly and evasively.


Message History

The merfolk javelineer throws a javelin.
The javelin pierces through your merfolk javelineer zombie!!
The javelin pierces through your storm dragon zombie!!
The javelin pierces through you but does no damage.
Your merfolk javelineer zombie hits the merfolk javelineer.
The merfolk javelineer throws a javelin.
The javelin pierces through your merfolk javelineer zombie!
The javelin pierces through your storm dragon zombie!!
The javelin pierces through you.
A merfolk comes into view. It is wielding a +0 trident.
The air twists around and strikes your merfolk javelineer zombie!!
Your merfolk javelineer zombie is destroyed!
A merfolk aquamancer comes into view. It is wielding a +0 rapier.
A wind drake comes into view.
The merfolk javelineer throws a javelin.
The javelin closely misses you.
The wind drake is engulfed in freezing vapours.
As you read the scroll of teleportation, it crumbles to dust.
You feel strangely unstable.
Your storm dragon zombie closely misses the merfolk javelineer.
Your storm dragon zombie claws the merfolk javelineer.
Your storm dragon zombie tramples the merfolk javelineer!
The merfolk javelineer stumbles backwards!
The wind drake is engulfed in freezing vapours.
The merfolk is engulfed in freezing vapours. x2
The merfolk aquamancer gestures at you while chanting.
The torrent of water hits you!!
* * * LOW HITPOINT WARNING * * *
You are knocked back by the torrent of water.
You slam into the stone wall!
* * * LOW HITPOINT WARNING * * *
The wave splashes down.
You hear a bleat!
You hear a shout!
You hear an angry hiss.
You hear a shout!
Okay, then.
You feel much better. You block the merfolk's attack.
The wind drake exhales a fierce blast of wind!
The merfolk aquamancer gestures at you while chanting.
The torrent of water hits you!!
You die...
Kikubaaqudgha rasps: "You have failed me!
Welcome... death!"

#8..........(.......8##..
#.....~#~~~[~~#~.....##~~
#..#~~~~~.~~~~~~~~#..##~~
#.#~~~~#~....#~#~~~#.##~~
#..#~~~~~.~.~~~~~~#..##~~
#......#~~~~)~.......##~~
#8[....).....=......8##~~
##########..#############
####..~~@~~~~~~~..# ###
#)~..~~~k####~~~~.. #8.
#~..m.§~m~# ~~~... #..
#..####§~§Z~~~~#### #..
#.. ~..~§~§Z~.. #.. #.
#~.[..°~☼..... #.. #
#..####~~####.. #.. ~~..
~~~ #.# ~~~~. ~~~~ #.~


You could see a merfolk aquamancer, a wind drake (repels missiles, catching
breath), a merfolk and a friendly storm dragon zombie.

Vanquished Creatures
  A kraken (Shoals:2)
  Frances (Shoals:1)
  Gastronok (Lair:2)
  A storm dragon (Shoals:4)
  An orc warlord (Orc:1)
  A stone giant (Volcano)
  2 merfolk impalers (Shoals:4)
  An ettin (Orc:1)
  6 merfolk javelineers (Shoals:4)
  A fire dragon (Lair:5)
  2 vault guards (D:13)
  5 hydras
  An ogre mage (D:13)
  3 catoblepae
  3 centaur warriors
  A boulder beetle (D:14)
  2 two-headed ogres
  An alligator snapping turtle (Shoals:2)
  3 merfolk aquamancers
  5 orc high priests
  3 death yaks
  Nergalle (Lair:2)
  A deep elf knight (Orc:1)
  4 sea snakes
  2 deep elf archers (D:13)
  Pikel (D:5)
  An orb spider (Lair:2)
  5 orc knights
  A deep elf zephyrmancer (Orc:1)
  5 harpies
  2 oklob plants (Lair:4)
  5 cyclopes
  9 manticores
  3 orc sorcerers
  10 fauns
  7 ugly things
  9 elephants
  2 ice statues (IceCv)
  4 merfolk sirens
  10 water nymphs
  5 black mambas
  A molten gargoyle (Lair:5)
  7 cane toads
  3 gargoyles
  An efreet (Volcano)
  A rime drake (Lair:5)
  2 kobold demonologists (D:10)
  An anaconda simulacrum (IceCv)
  A tengu conjurer (D:13)
  6 komodo dragons
  A freezing wraith (IceCv)
  13 trolls
  18 merfolk
  7 wind drakes
  2 polar bears (Lair:3)
  A hornet (Lair:1)
  7 blink frogs
  9 snapping turtles
  11 dream sheep
  11 water elementals
  A wraith (D:14)
  2 shadows
  11 slime creatures
  3 air elementals (Shoals:4)
  7 wyverns
  2 fire bats (Orc:2)
  2 dire elephant simulacra (IceCv)
  5 basilisks
  26 yaks
  3 steam dragons
  2 fire elementals (Volcano)
  10 vampire mosquitoes
  A human (D:13)
  3 wargs
  3 death yak simulacra (IceCv)
  3 acid dragons
  8 water moccasins
  4 hell hounds (Lair:5)
  An ice beast (IceCv)
  4 sky beasts
  27 orc warriors
  5 black bears
  7 ogres
  8 wolves
  2 phantoms (D:6)
  15 centaurs
  A lemure (D:5)
  Blork the orc (D:6)
  3 earth elementals (Volcano)
  3 kobold brigands
  11 bullfrogs
  A cane toad simulacrum (IceCv)
  4 scorpions
  2 wights (D:8)
  An elephant simulacrum (IceCv)
  7 killer bees (D:8)
  6 electric eels
  4 howler monkeys
  4 lava snakes (Lair:5)
  A gnoll bouda (D:6)
  A jelly (D:7)
  32 orc priests
  2 hounds (D:6)
  5 iguanas
  21 orc wizards
  7 gnolls (D:6)
  8 adders
  2 shadow imps
  2 white imps (D:6)
  An ufetubus (D:5)
  A worm (D:2)
  2 dart slugs (D:4)
  69 orcs
  5 bats
  5 endoplasms
  13 giant cockroaches
  12 goblins
  7 hobgoblins
  6 jackals (D:1)
  14 kobolds
  11 quokkas
  14 ball pythons
  11 frilled lizards
  9 rats
  2 tentacles (Shoals:2)
711 creatures vanquished.

Vanquished Creatures (collateral kills)
  Jorgrun (Shoals:1)
  An elemental wellspring (Shoals:2)
  A merfolk javelineer (Shoals:2)
  A merfolk impaler (Shoals:3)
  An ettin (Orc:2)
  A hydra (Lair:1)
  A merfolk aquamancer (Shoals:4)
  A centaur warrior (D:14)
  A satyr (Shoals:4)
  3 merfolk avatars
  A boulder beetle (Lair:3)
  A catoblepas (Shoals:2)
  2 death yaks (Lair:5)
  An orc high priest (Orc:2)
  A fire crab (Lair:5)
  5 sea snakes
  5 harpies
  An orc knight (Orc:1)
  A deep elf zephyrmancer (Orc:1)
  2 ugly things (D:14)
  4 fauns
  4 cyclopes
  4 manticores
  2 water nymphs (Shoals:3)
  2 elephants
  2 black mambas (Lair:5)
  An ice statue (IceCv)
  5 merfolk sirens
  A torpor snail (Lair:1)
  A molten gargoyle (Lair:5)
  3 komodo dragons
  A rime drake (Lair:2)
  A cane toad (Lair:1)
  A wind drake (Shoals:4)
  13 merfolk
  2 polar bears
  A troll (D:13)
  9 dream sheep (Shoals:3)
  2 blink frogs
  5 snapping turtles
  3 slime creatures (D:14)
  2 air elementals (Shoals:4)
  2 water elementals
  12 yaks
  A fire bat (Orc:2)
  2 wyverns (D:9)
  4 basilisks
  A vampire mosquito (D:14)
  4 water moccasins
  A hell hound (Lair:5)
  4 orc warriors
  3 wolves (Lair:2)
  2 centaurs (D:14)
  An ogre (Orc:2)
  A bullfrog (Lair:4)
  A wight (D:8)
  An electric eel (Lair:4)
  A lava snake (Lair:5)
  3 orc priests
  3 orc wizards (Orc:2)
  6 orcs
  2 kobolds (D:10)
  4 butterflies
160 creatures vanquished.

Vanquished Creatures (others)
  2 manticores
  5 ugly thing zombies
  A faun (Shoals:2)
  2 merfolk sirens
  2 sea snake zombies
  A rime drake (IceCv)
  A hydra zombie (Lair:1)
  4 harpy zombies
  A merfolk (Shoals:2)
  2 wind drakes (Shoals:2)
  A snapping turtle (Shoals:4)
  An ettin zombie (Orc:1)
  A black mamba zombie (Lair:1)
  2 wind drake zombies
  18 merfolk zombies
  3 fire bat zombies (Orc:2)
  2 water nymph zombies (Shoals:4)
  2 cane toad zombies
  An orc warrior (Orc:1)
  A hornet zombie (Lair:1)
  3 snapping turtle zombies (Shoals:2)
  3 elephant zombies
  3 manticore zombies
  3 blink frog zombies
  An elf zombie (Orc:1)
  18 orc zombies
  A rime drake zombie (IceCv)
  A vampire mosquito zombie (D:14)
  2 komodo dragon zombies
  3 wyvern zombies
  3 water moccasin zombies
  A warg zombie (Orc:2)
  A polar bear zombie (Lair:5)
  A troll zombie (D:14)
  7 yak zombies
  5 wolf zombies
  5 centaur zombies
  2 bullfrog zombies
  2 black bear zombies
  An orc wizard (D:8)
  4 killer bee zombies (D:8)
  An ice beast zombie (IceCv)
  2 ogre zombies
  2 howler monkey zombies (D:8)
  An iguana zombie (D:9)
  25 fungi
  111 plants
  5 tentacles (Shoals:2)
  2 withered plants (Lair:2)
272 creatures vanquished.

Grand Total: 1143 creatures vanquished

Notes
Turn   | Place    | Note
-------+----------+-------------------------------------------
     0 | D:1      | Shayle the Tengu Reaver began the quest for the Orb.
     0 | D:1      | Reached XP level 1. HP: 12/12 MP: 4/4
   267 | D:1      | Reached XP level 2. HP: 13/17 MP: 6/6
   577 | D:1      | Reached skill level 1 in Necromancy
   779 | D:1      | Reached XP level 3. HP: 21/21 MP: 7/7
  1439 | D:2      | Found a faded altar of an unknown god.
  1454 | D:2      | Reached XP level 4. HP: 27/27 MP: 8/8
  1949 | D:3      | Reached skill level 1 in Earth Magic
  2647 | D:3      | Gained mutation: Your magical nature lets you fly swiftly
                  | and evasively. [Tengu growth]
  2647 | D:3      | Reached XP level 5. HP: 19/32 MP: 8/10
  2755 | D:3      | You are sucked into a shaft and drop 1 floor!
  2923 | D:4      | Reached skill level 3 in Fighting
  3404 | D:4      | Reached XP level 6. HP: 37/37 MP: 11/11
  3419 | D:4      | Found an opulent altar of Gozag.
  3420 | D:4      | Found a snail-covered altar of Cheibriados.
  3697 | D:5      | Entered Level 5 of the Dungeon
  3712 | D:5      | Noticed Pikel
  3815 | D:5      | Identified a scroll of acquirement
  3815 | D:5      | Acquired the Omnibus of Crystalline Darkness
  4448 | D:6      | Reached XP level 7. HP: 38/41 MP: 13/13
  4555 | D:6      | Found a staircase to the Ecumenical Temple.
  4560 | Temple   | Entered the Ecumenical Temple
  4583 | Temple   | Became a worshipper of Kikubaaqudgha
  4661 | D:6      | Reached skill level 4 in Fighting
  4742 | D:6      | Found a glowing drain.
  4746 | Sewer    | Entered a sewer
  4897 | Sewer    | Reached * piety under Kikubaaqudgha
  4897 | Sewer    | Received a gift from Kikubaaqudgha
  4912 | Sewer    | Learned a level 3 spell: Vampiric Draining
  4917 | Sewer    | Learned a level 4 spell: Animate Dead
  5227 | D:6      | Reached XP level 8. HP: 48/48 MP: 14/14
  5336 | D:6      | Noticed Blork the orc
  5345 | D:6      | Killed Blork the orc
  5551 | D:6      | Reached skill level 5 in Dodging
  5797 | D:6      | Identified the +5 trident of the World {venom, rF- Str+2
                  | Int+2}
  6340 | D:5      | Killed Pikel
  6341 | D:5      | Reached skill level 5 in Fighting
  6341 | D:5      | Reached skill level 5 in Necromancy
  6341 | D:5      | Reached XP level 9. HP: 54/54 MP: 3/17
  6471 | D:6      | Reached ** piety under Kikubaaqudgha
  6492 | D:6      | Reached skill level 5 in Spellcasting
  7608 | D:7      | Found a shadowy altar of Dithmenos.
  7712 | D:7      | Reached skill level 6 in Fighting
  8034 | D:7      | Found a bloodstained altar of Trog.
  8083 | D:7      | Noticed a two-headed ogre
  8091 | D:7      | Killed a two-headed ogre
  8092 | D:7      | Reached XP level 10. HP: 23/61 MP: 19/19
  8856 | D:9      | Reached *** piety under Kikubaaqudgha
  8856 | D:9      | Received a gift from Kikubaaqudgha
  8893 | D:9      | Found a shimmering altar of Xom.
  9047 | D:9      | Reached skill level 7 in Fighting
  9047 | D:9      | Reached skill level 5 in Earth Magic
  9047 | D:9      | Found a staircase to the Lair.
  9113 | D:9      | Found a staircase to the Orcish Mines.
  9121 | D:9      | Learned a level 5 spell: Borgnjor's Vile Clutch
  9159 | D:9      | Noticed a two-headed ogre
  9173 | D:9      | Killed a two-headed ogre
  9545 | D:9      | Identified the +1 hand axe of Aclepih {pain, rC+}
  9732 | Lair:1   | Entered Level 1 of the Lair of Beasts
  9750 | Lair:1   | Reached XP level 11. HP: 64/67 MP: 4/22
  9879 | Lair:1   | Found a burning altar of Makhleb.
 10259 | Lair:1   | Reached skill level 8 in Fighting
 10566 | Lair:1   | Noticed a seven-headed hydra
 10576 | Lair:1   | Killed a seven-headed hydra
 10595 | Lair:1   | Reached **** piety under Kikubaaqudgha
 10990 | Lair:2   | Noticed an eight-headed hydra
 11000 | Lair:2   | Killed an eight-headed hydra
 11486 | Lair:2   | Noticed Gastronok
 11500 | Lair:2   | Killed Gastronok
 11501 | Lair:2   | Reached XP level 12. HP: 62/75 MP: 11/25
 11763 | Lair:2   | Found a runed translucent door.
 11763 | Lair:2   | Noticed Newt's ghost (journeyman DsGl)
 11794 | Lair:2   | Reached skill level 9 in Fighting
 11986 | Lair:2   | Noticed Nergalle
 11994 | Lair:2   | Killed Nergalle
 11998 | Lair:2   | Found a hole to the Spider Nest.
 12005 | Lair:2   | Reached skill level 10 in Dodging
 12629 | Lair:3   | Reached skill level 10 in Necromancy
 12664 | Lair:3   | Noticed a boulder beetle
 12675 | Lair:3   | Killed a boulder beetle
 12934 | Lair:3   | Reached ***** piety under Kikubaaqudgha
 12951 | Lair:3   | Found a frozen archway.
 12960 | IceCv    | Entered an ice cave
 13377 | IceCv    | Reached XP level 13. HP: 73/82 MP: 18/27
 13624 | IceCv    | Reached skill level 10 in Fighting
 13952 | IceCv    | Learned a level 6 spell: Death Channel
 13976 | IceCv    | Identified the +5 kite shield of Naowos {rF+ Int+8 Stlth+}
 14064 | Lair:3   | Found a staircase to the Shoals.
 14476 | Lair:3   | Reached skill level 1 in Armour
 14476 | Lair:3   | Reached skill level 1 in Shields
 15522 | Lair:4   | Identified the +4 short sword "Impslayer" {venom, rC- rN+++
                  | rCorr SInv}
 15538 | Lair:3   | Reached skill level 5 in Conjurations
 16941 | Lair:4   | Found a staircase to the Slime Pits.
 17217 | Lair:5   | Entered Level 5 of the Lair of Beasts
 17347 | Lair:5   | Found a transporter.
 17348 | Lair:5   | Noticed indyram44's ghost (journeyman GrEE)
 17722 | Lair:5   | Found a transporter.
 17826 | Lair:5   | Reached skill level 11 in Fighting
 18014 | Lair:5   | Reached XP level 14. HP: 74/90 MP: 11/28
 18532 | Lair:5   | Reached skill level 5 in Armour
 18532 | Lair:5   | Found a large runed translucent door.
 18532 | Lair:5   | Found a large runed translucent door.
 19581 | Lair:5   | Reached skill level 5 in Shields
 20119 | D:10     | Entered Level 10 of the Dungeon
 21793 | D:11     | Found a gateway to a bazaar.
 22616 | D:12     | Upgraded the game from 0.30-a0-576-g89cddaab80 to
                  | 0.30-a0-578-gdee14c521f
 24683 | D:13     | Reached ****** piety under Kikubaaqudgha
 24903 | D:13     | Found a gate to the Vaults.
 24920 | D:13     | Reached skill level 12 in Fighting
 25219 | D:14     | Reached XP level 15. HP: 96/96 MP: 7/29
 25271 | D:14     | Reached skill level 10 in Conjurations
 25462 | D:14     | Found a sacrificial altar of Ru.
 25899 | Orc:1    | Entered Level 1 of the Orcish Mines
 25906 | Orc:1    | Received a gift from Kikubaaqudgha
 27234 | Orc:1    | Noticed an orc warlord
 27397 | Orc:1    | Killed an orc warlord
 27638 | Orc:2    | Entered Level 2 of the Orcish Mines
 27808 | Orc:2    | Found a staircase to the Elven Halls.
 27824 | Orc:2    | Found a dark tunnel.
 27837 | Volcano  | Entered a volcano
 28023 | Volcano  | Identified the +0 helmet "Pagobut" {rF+ Str+7 Dex-4}
 28831 | Orc:2    | Found Wuimoane's General Store.
 28831 | Orc:2    | Found Meonkoot's Jewellery Boutique.
 28831 | Orc:2    | Found Acuzisiben's Antique Weapon Boutique.
 28834 | Orc:2    | Found Runaukid's Antique Weapon Shop.
 30912 | D:15     | Entered Level 15 of the Dungeon
 31698 | Orc:2    | Bought a wand of light (4) for 252 gold pieces
 31698 | Orc:2    | Bought a potion of invisibility for 120 gold pieces
 31698 | Orc:2    | Bought 2 potions of invisibility for 240 gold pieces
 31883 | Shoals:1 | Entered Level 1 of the Shoals
 31883 | Shoals:1 | Found Jupur's Self-Improvement Boutique.
 32087 | Shoals:1 | Noticed Frances
 32724 | Shoals:1 | Reached skill level 13 in Fighting
 32917 | Shoals:1 | Acquired 904 gold pieces
 32969 | Shoals:1 | Reached XP level 16. HP: 104/104 MP: 21/30
 33067 | Shoals:1 | Killed Frances
 33276 | Shoals:1 | Noticed Jorgrun
 33283 | Shoals:1 | Killed Jorgrun
 33854 | Shoals:1 | Acquired the ring of Cangytwa {rElec rPois MP+9}
 34382 | Shoals:1 | Learned a level 4 spell: Anguish
 34858 | Shoals:2 | Reached skill level 10 in Spellcasting
 34861 | Shoals:2 | Found Zioriat's Jewellery Shoppe.
 34912 | Shoals:2 | Reached skill level 1 in Hexes
 35654 | Shoals:2 | Noticed a kraken
 35669 | Shoals:2 | Killed a kraken
 36573 | Shoals:1 | Learned a level 5 spell: Freezing Cloud
 37143 | Shoals:2 | Identified the ring "Yschuc" {rN+ SInv Stlth+}
 37339 | Shoals:3 | Reached skill level 1 in Ice Magic
 37979 | Shoals:3 | Reached skill level 10 in Shields
 38732 | Shoals:3 | Reached XP level 17. HP: 110/110 MP: 30/32
 38798 | Shoals:4 | Entered Level 4 of the Shoals
 38844 | Shoals:4 | Reached skill level 14 in Fighting
 38867 | Shoals:4 | Paralysed by an air elemental for 1 turns
 39273 | Shoals:4 | Paralysed by an air elemental for 1 turns
 39281 | Shoals:4 | Paralysed by an air elemental for 1 turns
 39283 | Shoals:4 | Paralysed by an air elemental for 1 turns
 39285 | Shoals:4 | Paralysed by an air elemental for 1 turns
 39438 | Shoals:4 | Paralysed by an air elemental for 1 turns
 39638 | Shoals:4 | Paralysed by an air elemental for 1 turns
 39958 | Shoals:4 | Reached skill level 5 in Hexes
 39958 | Shoals:4 | Reached skill level 5 in Ice Magic
 40215 | Shoals:4 | HP: 4/111 [stone wall collision (20)]
 40216 | Shoals:4 | Killed from afar by a merfolk aquamancer

Illustrated notes

Levels and vault maps discovered:
D:1:      evilmike_arrival_hilbert_curve, layout_basic, minmay_pentomino_z4
D:2:      layout_loops_cross, chequers_ecumenical_altar_island,
          kennysheep_minor_cross
D:3:      layout_loops_ring, grunt_decor_resistance
D:4:      layout_loops_ring, gammafunk_temple_overflow_pools, corner_web_ring,
          minmay_ogre_servants
D:5:      layout_basic, uniq_pikel
D:6:      layout_basic, temple_doors_e, gup_sewer_entry_bowl, uniq_blork_the_orc
D:7:      layout_layer_cave, trog_book, nicolae_dithmenos_the_darkroom,
          kennysheep_another_room
D:8:      layout_rooms, st_stairs_8
D:9:      layout_long_grid, tgw_xom, minmay_lair_entry_grove, orc_0_dummy
D:10:     layout_cave_pods, centaur_isle
D:11:     layout_long_grid, serial_shops, bzr_in_the_mist,
          onia_ninara_dug_in_and_dangerous
D:12:     layout_basic, ebering_dispersal_statue_hall
D:13:     layout_roguey, grunt_vaults_entry_fortified, nrook_mini_backslash,
          nicolae_concentric_dashed_squares_mild
D:14:     layout_basic, nicolae_ru_the_path_less_chosen
D:15:     grunt_enter_depths_snipers, layout_loops_ring, serial_undead,
          serial_undead_f, serial_undead_b, serial_undead_f, serial_undead_b,
          chequers_serial_rivers_large_a, st_stairs_2, pf_eden
Temple:   minmay_temple_bridge_d
Lair:1:   layout_long_grid, basic_altar, pdpol_lair_cavern_descent
Lair:2:   layout_chaotic_city, nicolae_spider_entry_orb_guardian,
          gammafunk_ghost_grave, small_statue_intersection, st_stairs_7,
          patterned_corridor, grunt_megastairs_2, serial_bayou_shore_b,
          lemuel_fruit_tree, lemuel_fruit_fields, uniq_nergalle, uniq_gastronok
Lair:3:   layout_gridlike, elwin_shoals_entry_rocks,
          portal_ice_cave_entry_pillars_2, gammafunk_lair_bear_cave,
          lemuel_fruit_fields, infiniplex_staircase_pool_2
Lair:4:   layout_long_grid, minmay_slime_entry_oklob_enclosed,
          serial_bayou_shore_b, grunt_megastairs_4, infiniplex_staircase_pool,
          lemuel_fruit_fields
Lair:5:   cheibrodos_lair_end_hotspot, layout_hall_layers,
          gammafunk_ghost_berserking_beasts
Shoals:1: cheibrodos_shoals_baths, layout_shoals, nicolae_shop_self_help,
          uniq_frances, uniq_jorgrun
Shoals:2: nzn_motion_control, layout_shoals, minmay_shop_enchanted_jewellery,
          nicolae_shoals_spring_well_temple
Shoals:3: layout_shoals
Shoals:4: shoals_end_hellmonk_storm_palace [storm_palace_center_square,
          storm_palace_corner_reverse_hut, storm_palace_corner_narrow,
          storm_palace_corner_altar, storm_palace_corner_blocked]
Orc:1:    layout_diamond_mine, basic_altar, elf_legates
Orc:2:    st_orc_mages, layout_caves, nicolae_volcano_entry_batcave,
          bh_open_orc_temple

Skill      XL: |  1  2  3  4  5  6  7  8  9 10 11 12 13 14 15 16 17 |
---------------+----------------------------------------------------+-----
Necromancy     | 1 2 3 4 5 6 8 9 10 11 12 | 12.0
Earth Magic    | 1 2 3 4 5 6 7 8 9 |  9.8
Dodging        | 3 4 5 7 8 9 10 11 | 11.0
Fighting       | 3 4 5 6 7 8 9 11 12 13 14 | 14.3
Spellcasting   | 3 4 5 7 8 9 10 | 10.4
Armour         | 4 7 8 |  8.8
Shields        | 4 6 8 10 | 10.0
Conjurations   | 7 9 11 | 11.3
Hexes          | 3 5 |  5.1
Ice Magic      | 2 5 |  5.2
Short Blades   | |  3.2

Action                   |  1- 3 |  4- 6 |  7- 9 | 10-12 | 13-15 | 16-18 || total
-------------------------+-------+-------+-------+-------+-------+-------++-------
Melee: Short sword       |   104 |   215 |   244 |       |       |       ||   563
       Peck              |    14 |    33 |    46 |    44 |   111 |    19 ||   267
       Kick              |    28 |    54 |    83 |    77 |   179 |    43 ||   464
       Punch             |       |     2 |     2 |     1 |     3 |       ||     8
       Trident           |       |       |    63 |   223 |   444 |   116 ||   846
Throw: Dart              |       |     5 |     5 |     2 |     9 |     2 ||    23
       Boomerang         |       |       |       |       |     2 |       ||     2
 Cast: Vampiric Draining |       |       |     5 |     3 |     6 |     1 ||    15
       Kiss of Death     |       |       |     2 |       |       |       ||     2
       Animate Dead      |       |       |     1 |    10 |    21 |    14 ||    46
       Borgnjor's Vile C |       |       |       |    56 |   342 |   148 ||   546
       Death Channel     |       |       |       |       |    12 |     7 ||    19
       Anguish           |       |       |       |       |       |     6 ||     6
       Freezing Cloud    |       |       |       |       |       |    12 ||    12
Invok: Unearth Wretches  |       |       |       |     1 |     1 |     7 ||     9
       Receive Forbidden |       |       |       |       |     1 |       ||     1
Evoke: Wand              |       |       |    13 |     6 |    27 |     5 ||    51
  Use: Scroll            |       |     4 |     6 |    14 |    14 |    12 ||    50
       Potion            |       |     1 |     1 |     4 |     6 |     1 ||    13
 Stab: Sleeping          |       |     1 |       |       |       |       ||     1
       Invisible         |       |       |     1 |       |       |     1 ||     2
       Paralysed         |       |       |       |     2 |     1 |     5 ||     8
       Distracted        |       |       |       |       |     4 |     3 ||     7
Armor: Leather armour    |    34 |    30 |    60 |    38 |   189 |    54 ||   405
Dodge: Dodged            |    67 |    96 |   207 |   209 |   543 |   139 ||  1261
Block: Other             |       |       |       |    39 |   129 |    17 ||   185
       Reflection        |       |       |       |       |    24 |     9 ||    33
       Kite shield       |       |       |       |       |       |   103 ||   103

Table legend: (Time is in decaauts)
 A = Elapsed time spent in this place.
 B = Non-inter-level travel time spent in this place.
 C = Inter-level travel time spent in this place.
 D = Time resting spent in this place.
 E = Time spent auto-exploring this place.
 F = Levels seen in this place.
 G = Mean time per level.
                   A        B        C        D        E       F      G
               +--------+--------+--------+--------+--------+-----+--------+
         Total |  38669 |  36219 |   2450 |  12183 |  14424 |  30 | 1289.0 |
       Dungeon |  16335 |  15063 |   1272 |   2900 |   8350 |  15 | 1089.0 |
        Temple |     41 |     41 |      0 |      0 |      0 |   1 |   41.0 |
          Lair |   9530 |   8857 |    673 |   3598 |   2965 |   5 | 1906.0 |
        Shoals |   7772 |   7477 |    295 |   3400 |   2100 |   4 | 1943.0 |
  Orcish Mines |   3097 |   2888 |    209 |   1055 |    987 |   2 | 1548.5 |
         Sewer |    414 |    414 |      0 |    130 |     19 |   1 |  414.0 |
      Ice Cave |   1051 |   1051 |      0 |    842 |      0 |   1 | 1051.0 |
       Volcano |    425 |    425 |      0 |    255 |      1 |   1 |  425.0 |
               +--------+--------+--------+--------+--------+-----+--------+

Top non-repeatable levels by time:
Shoals:1: 3118 daAuts
  Lair:5: 2339 daAuts
Shoals:2: 2279 daAuts
  Lair:4: 2172 daAuts
  Lair:3: 2002 daAuts
   Orc:2: 1978 daAuts
    D:13: 1777 daAuts
  Lair:2: 1698 daAuts
     D:7: 1565 daAuts
     D:5: 1346 daAuts
  Lair:1: 1317 daAuts
    D:12: 1313 daAuts
    D:10: 1301 daAuts
Shoals:4: 1272 daAuts
     D:9: 1227 daAuts
